[Event "Saturday Night engine Tour 9 Rd Swiss 7m+1s Starts at 2200hrs ST"]
[Site "Infinity Chess"]
[Date "2018.1.21"]
[Round "9"]
[White "OlivierEvan"]
[Black "klasman"]
[Result "1/2-1/2"]
[ECO "C26"]
[WhiteElo "2437"]
[BlackElo "2462"]
[WhiteEngine "Houdini 6"]
[BlackEngine "Raubfisch ME262_GTZ16b2_CTG"]
[EventType "Swiss"]
[WhiteTeam ""]
[BlackTeam ""]
[PlyCount "124"]
[TimeControl "420+1"]

1. e4 e5 2. Nc3 Nf6 3. g3 Bc5 4. Bg2 Nc6 5. d3 a5 6. Nge2 d6 7. O-O O-O 8. h3 h6 
9. Kh2 Nd4 10. Nxd4 Bxd4 11. a4 c6 12. f4 Ra7 13. Ne2 Bb6 14. Qe1 Re8 15. b3 Ra8 
16. Kh1 Bc7 17. Qf2 d5 18. fxe5 Rxe5 19. Bb2 Re8 20. Rad1 dxe4 21. dxe4 Qe7 
22. Bxf6 Qxf6 23. Qxf6 gxf6 24. Rxf6 Kg7 25. Rf2 Rb8 26. g4 b5 27. Nd4 bxa4 
28. Rdf1 Rf8 29. Nxc6 Rb6 30. e5 axb3 31. cxb3 Ba6 32. Rc1 Rxb3 33. Nd4 Bb6 
34. Nxb3 Bxf2 35. Nxa5 Rd8 36. Bf1 Bc8 37. Kg2 Be3 38. Rc6 Bd2 39. Rc5 Bb4 
40. Rb5 Bc3 41. Nc4 Bd7 42. Rc5 Bd4 43. Rc7 Be6 44. Kf3 Bc3 45. Rc5 Ra8 
46. Nb6 Ra3 47. Ke4 Bd2 48. Nd5 h5 49. Nc7 hxg4 50. Nxe6+ fxe6 51. hxg4 Re3+ 
52. Kd4 Re1 53. Rc7+ Kh6 54. Rf7 Kg6 55. Rf6+ Kg5 56. Bg2 Kxg4 57. Rxe6 Bf4 
58. Re8 Kg3 59. Be4 Bxe5+ 60. Rxe5 Rd1+ 61. Ke3 Re1+ 62. Kd3 Rd1+ 1/2-1/2

[Event "Saturday Night engine Tour 9 Rd Swiss 7m+1s Starts at 2200hrs ST"]
[Site "Infinity Chess"]
[Date "2018.1.21"]
[Round "9"]
[White "Murx"]
[Black "Dovahkiin"]
[Result "1/2-1/2"]
[ECO "A13"]
[WhiteElo "2514"]
[BlackElo "2439"]
[WhiteEngine "BrainFish_180113_x64_modern"]
[BlackEngine "BrainFish_180113_x64_modern_CTG"]
[EventType "Swiss"]
[WhiteTeam ""]
[BlackTeam ""]
[PlyCount "137"]
[TimeControl "420+1"]

1. c4 e6 2. d4 d5 3. Nc3 c6 4. Nf3 Nf6 5. e3 Nbd7 6. Qc2 Bd6 7. Bd3 O-O 
8. O-O dxc4 9. Bxc4 a6 10. Rd1 b5 11. Bd3 Qc7 12. Bd2 c5 13. Ne4 c4 
14. Nxd6 Qxd6 15. Be2 Bb7 16. b3 Bd5 17. Be1 Rfc8 18. Qb2 Ne4 19. Rdc1 f6 
20. Ba5 f5 21. bxc4 Bxc4 22. Bd1 Bd5 23. Bb3 h6 24. h3 Kh7 25. Ne1 Bc4 
26. Bc2 Nb6 27. Nf3 Bd5 28. Ne5 Nc4 29. Nxc4 Bxc4 30. a4 Qe7 31. Be1 Rab8 
32. Bxe4 fxe4 33. axb5 Rxb5 34. Qc3 Rc6 35. Qc2 Bd5 36. Qd1 Rxc1 37. Qxc1 Qb7 
38. Ba5 Ba2 39. Bd8 Rb1 40. Rxb1 Qxb1 41. Qxb1 Bxb1 42. Kh2 g5 43. Kg3 Kg6 
44. f3 exf3 45. gxf3 Bd3 46. Kf2 Kf7 47. e4 Ke8 48. Bc7 Kd7 49. Ba5 Kc6 
50. Bb4 Kb5 51. Bf8 h5 52. Be7 Kc4 53. Bxg5 a5 54. Ke3 Bf1 55. h4 a4 56. Be7 Bh3 
57. f4 Bg4 58. Bc5 Bh3 59. f5 exf5 60. e5 Bg4 61. Kf4 Kd5 62. Ke3 Kc4 
63. Kf4 Kd5 64. Bd6 Ke6 65. Bc5 Be2 66. Kg5 Bg4 67. Kf4 Be2 68. Kg5 Bg4 69. Kf4 
1/2-1/2

[Event "Saturday Night engine Tour 9 Rd Swiss 7m+1s Starts at 2200hrs ST"]
[Site "Infinity Chess"]
[Date "2018.1.21"]
[Round "9"]
[White "tris77"]
[Black "KhalidOmar"]
[Result "0-1"]
[ECO "C65"]
[WhiteElo "2409"]
[BlackElo "2525"]
[WhiteEngine "stockfish_17091709_x64_CTG"]
[BlackEngine "Eman 1.64c 64-bit BMI2"]
[EventType "Swiss"]
[WhiteTeam ""]
[BlackTeam ""]
[PlyCount "196"]
[TimeControl "420+1"]

1. e4 e5 2. Nf3 Nc6 3. Bb5 Nf6 4. O-O Nxe4 5. d4 Nd6 6. Bxc6 dxc6 7. dxe5 Nf5 
8. Qxd8+ Kxd8 9. Nc3 Bd7 10. Rd1 Kc8 11. Ng5 Be8 12. Rd3 b6 13. g4 Ne7 
14. Be3 Ng6 15. f4 h5 16. gxh5 Rxh5 17. e6 f6 18. Rad1 Be7 19. Nge4 Nh4 
20. Ng3 Rh8 21. a4 Kb7 22. a5 f5 23. Bd4 Rh7 24. Be5 g5 25. fxg5 Bxg5 
26. Ra1 Rd8 27. a6+ Kc8 28. Rf1 Re7 29. Nxf5 Rxe6 30. Rxd8+ Bxd8 31. Bg3 Nxf5 
32. Rxf5 Bg6 33. Rf2 Re1+ 34. Kg2 Be7 35. Kf3 Ra1 36. Bf4 Bf6 37. Rg2 Bf7 
38. Ke3 Rxa6 39. Bg5 Bxc3 40. bxc3 Ra1 41. Bf4 Rd1 42. Rd2 Rg1 43. Rf2 Bc4 
44. Kd4 Be6 45. Bg3 c5+ 46. Ke5 Bh3 47. c4 a5 48. Rf3 Bg4 49. Rc3 Rf1 50. Ke4 a4 
51. h4 Kb7 52. Ke5 Bd1 53. Ke4 Ka6 54. Bxc7 Ka5 55. Kd3 Kb4 56. Kd2 Rf2+ 
57. Ke1 Rf7 58. Rg3 Bxc2 59. Bxb6 Rb7 60. Bd8 a3 61. Bf6 a2 62. Kd2 Bb3 
63. Bc3+ Kxc4 64. Rg4+ Kb5 65. Rg7 Rb8 66. Bb2 Rf8 67. Rb7+ Kc4 68. Ke3 Rf1 
69. Ra7 Rh1 70. Bf6 Kb4 71. h5 Rxh5 72. Rb7+ Kc4 73. Ra7 Rh6 74. Bb2 Ba4 
75. Kf4 Rh1 76. Ra8 a1=Q 77. Bxa1 Rxa1 78. Rb8 Bb5 79. Rg8 Kb4 80. Rg2 Ba4 
81. Rb2+ Ka3 82. Rb7 c4 83. Rc7 Kb4 84. Rb7+ Bb5 85. Rc7 c3 86. Ke4 Rd1 
87. Kf4 Ba4 88. Ke3 c2 89. Rc8 Rd5 90. Rc7 Rc5 91. Rxc5 Kxc5 92. Kd2 Kd4 
93. Kc1 Ke3 94. Kb2 Kd2 95. Ka3 Bd7 96. Kb2 c1=Q+ 97. Kb3 Bc6 98. Ka2 Bd5# 0-1

[Event "Saturday Night engine Tour 9 Rd Swiss 7m+1s Starts at 2200hrs ST"]
[Site "Infinity Chess"]
[Date "2018.1.21"]
[Round "9"]
[White "SkyPilot"]
[Black "star99"]
[Result "1/2-1/2"]
[ECO "B90"]
[WhiteElo "2532"]
[BlackElo "2446"]
[WhiteEngine "stockfish_x64_bmi2_2018_01_13_CTG"]
[BlackEngine "Cryptic AIL V1"]
[EventType "Swiss"]
[WhiteTeam ""]
[BlackTeam ""]
[PlyCount "152"]
[TimeControl "420+1"]

1. e4 c5 2. Nf3 d6 3. d4 cxd4 4. Nxd4 Nf6 5. Nc3 a6 6. Be3 e5 7. Nb3 Be7 
8. Be2 Be6 9. Qd3 Nc6 10. a3 Rc8 11. O-O O-O 12. Rac1 Nd7 13. Qd2 Nc5 
14. Nxc5 dxc5 15. Nd5 Nd4 16. Bd1 Bxd5 17. exd5 g6 18. Ra1 Qb6 19. Rb1 Nf5 
20. c4 Nxe3 21. Qxe3 Bd6 22. Bc2 Qa5 23. g3 f5 24. f3 b5 25. Qe2 bxc4 
26. Qxc4 Ra8 27. Bd3 Qd8 28. b3 Qg5 29. Kh1 Qf6 30. Qc2 Kg7 31. Rg1 h5 
32. Rbd1 Rf7 33. Rg2 Rb7 34. Rf1 Rab8 35. Bc4 Ra7 36. Qc3 a5 37. a4 Rb4 
38. Rfg1 Rab7 39. Re2 Re7 40. Rgg2 e4 41. Qxf6+ Kxf6 42. fxe4 Rxe4 43. Rxe4 fxe4 
44. Rf2+ Ke5 45. Rf7 e3 46. Kg2 Rb8 47. Rg7 Ke4 48. Rxg6 Be5 49. Re6 Rf8 
50. d6 Rf2+ 51. Kg1 Rd2 52. Kf1 Rxd6 53. Rxd6 Bxd6 54. Bf7 Kd3 55. Bxh5 Kd2 
56. Bf3 Bf8 57. h4 Bd6 58. h5 Bxg3 59. h6 Be5 60. h7 Bf6 61. Bh5 Be5 62. Bf3 Bc3 
63. Be2 Bd4 64. Bc4 Be5 65. Be2 Bd4 66. Bf3 Bc3 67. Bh5 Bd4 68. Bg4 Bb2 
69. Bh5 Bc3 70. Be2 Bf6 71. Bc4 Bd4 72. Bb5 Bg7 73. Bc4 Bf6 74. Bb5 Be5 
75. Bc4 Bf6 76. Be2 Bd4 1/2-1/2

[Event "Saturday Night engine Tour 9 Rd Swiss 7m+1s Starts at 2200hrs ST"]
[Site "Infinity Chess"]
[Date "2018.1.21"]
[Round "9"]
[White "CoffeeOne"]
[Black "AHGST"]
[Result "1/2-1/2"]
[ECO "B50"]
[WhiteElo "2535"]
[BlackElo "2447"]
[WhiteEngine "Houdini 6"]
[BlackEngine "EngineDeepShredder13UCIx64"]
[EventType "Swiss"]
[WhiteTeam ""]
[BlackTeam ""]
[PlyCount "117"]
[TimeControl "420+1"]

1. e4 c5 2. Nf3 d6 3. Nc3 Nf6 4. d4 cxd4 5. Nxd4 a6 6. Be3 e5 7. Nf3 Be7 
8. Bc4 O-O 9. O-O Be6 10. Bxe6 fxe6 11. Na4 Ng4 12. Qd3 Nxe3 13. Qxe3 b5 
14. Nb6 Ra7 15. Nd5 Rb7 16. Nxe7+ Qxe7 17. Rad1 Nd7 18. Rd2 Rc8 19. Rfd1 Rc6 
20. c3 Nf6 21. Ne1 a5 22. Nc2 b4 23. cxb4 axb4 24. Qd3 Qc7 25. h3 d5 
26. exd5 exd5 27. Qb3 Rc3 28. Qa4 Qc6 29. Qa8+ Qc8 30. Qa6 Qc6 31. Qe2 Rc5 
32. Ne1 e4 33. Nc2 Qa4 34. Ra1 Rbc7 35. Ne3 Rc1+ 36. Rxc1 Rxc1+ 37. Kh2 Qa5 
38. Rd4 h5 39. h4 Ra1 40. Qc2 Qd8 41. g3 Qf8 42. Rd1 Rxa2 43. Kg1 Ra5 
44. Qc6 Kh8 45. Qe6 Rc5 46. b3 Qd8 47. Qe5 Ra5 48. Kg2 Qc8 49. Qd6 Qc5 
50. Qd8+ Kh7 51. Rd2 Qb5 52. Qe7 d4 53. Rxd4 Qe2 54. Rxe4 Nxe4 55. Qxe4+ Kh8 
56. Qe8+ Kh7 57. Qe4+ Kh8 58. Qe8+ Kh7 59. Qe4+ 1/2-1/2

[Event "Saturday Night engine Tour 9 Rd Swiss 7m+1s Starts at 2200hrs ST"]
[Site "Infinity Chess"]
[Date "2018.1.21"]
[Round "9"]
[White "BraveDevil"]
[Black "Deep_Impact"]
[Result "1/2-1/2"]
[ECO "E10"]
[WhiteElo "2442"]
[BlackElo "2561"]
[WhiteEngine "Cryptic AIL V1"]
[BlackEngine "BrainFish_180113_x64_modern"]
[EventType "Swiss"]
[WhiteTeam ""]
[BlackTeam ""]
[PlyCount "122"]
[TimeControl "420+1"]

1. d4 Nf6 2. c4 e6 3. Nf3 d5 4. Nc3 Be7 5. Bf4 O-O 6. e3 Nbd7 7. c5 Ne4 
8. Bd3 f5 9. Ne2 c6 10. b4 g5 11. Bg3 b6 12. Ne5 Nxe5 13. Bxe5 bxc5 
14. bxc5 Qa5+ 15. Kf1 Bf6 16. Bxf6 Nxf6 17. h4 g4 18. Nf4 e5 19. dxe5 Nd7 
20. e6 Ne5 21. Rb1 Qxc5 22. h5 Qe7 23. Bc2 Bxe6 24. h6 Rae8 25. Rh5 Bc8 
26. Ba4 Rd8 27. Kg1 Kh8 28. Rc1 Qa3 29. Bb3 Rde8 30. Qd2 Rf6 31. Rc3 Bd7 
32. Qd4 Qf8 33. Bd1 a6 34. Be2 Kg8 35. Rb3 Rxh6 36. Rg5+ Kh8 37. Nd3 Qf6 
38. Nxe5 Qxe5 39. Qxe5+ Rxe5 40. Rb8+ Re8 41. Rxe8+ Bxe8 42. Rxf5 Bd7 
43. Rf8+ Kg7 44. Rd8 Bf5 45. Bxa6 Kf7 46. Be2 Ke7 47. Rg8 Rg6 48. Rxg6 hxg6 
49. Kf1 Kd6 50. g3 c5 51. Ke1 Kc6 52. a3 Be6 53. Kd1 c4 54. Kc2 Kb5 55. Kc3 Kc5 
56. Bd1 Bd7 57. Bc2 Be8 58. Bb1 Bf7 59. Bc2 Be8 60. Bd1 Bd7 61. Bc2 Be8 1/2-1/2

[Event "Saturday Night engine Tour 9 Rd Swiss 7m+1s Starts at 2200hrs ST"]
[Site "Infinity Chess"]
[Date "2018.1.21"]
[Round "9"]
[White "Cepri"]
[Black "Thinker"]
[Result "1/2-1/2"]
[ECO "E10"]
[WhiteElo "2485"]
[BlackElo "2518"]
[WhiteEngine "asmFishW_12J18Mb_CTG"]
[BlackEngine "BrainFish_180113_x64_modern_CTG"]
[EventType "Swiss"]
[WhiteTeam ""]
[BlackTeam ""]
[PlyCount "123"]
[TimeControl "420+1"]

1. d4 Nf6 2. c4 e6 3. Nf3 d5 4. Nc3 Be7 5. Bf4 O-O 6. e3 Nbd7 7. a3 c5 
8. cxd5 Nxd5 9. Nxd5 exd5 10. dxc5 Nxc5 11. Be5 Bf5 12. Be2 Bf6 13. Rc1 Rc8 
14. Bd4 Nd3+ 15. Bxd3 Rxc1 16. Qxc1 Bxd3 17. Qc3 Bxd4 18. Nxd4 Ba6 19. h4 Qd7 
20. f3 Rc8 21. Qd2 h5 22. Kf2 Qc7 23. g3 b6 24. a4 Bb7 25. a5 bxa5 26. Ra1 Qd7 
27. Qxa5 Qh3 28. Rg1 Qh2+ 29. Rg2 Qh3 30. Qe1 Rc4 31. Kg1 Qc8 32. Qd2 Qh3 
33. b3 Rc7 34. Qb2 Ba6 35. Qd2 Qc8 36. Kh2 Bf1 37. Rf2 Qh3+ 38. Kg1 Ba6 
39. Rg2 f6 40. Kf2 Kh7 41. Qd1 Kh8 42. Qd2 Qh1 43. Qe1 Qh3 44. Qb1 Rc3 
45. Qa1 Qc8 46. Qb2 Bd3 47. Qd2 Kg8 48. Rg1 a6 49. Kg2 Kh8 50. Ra1 Kg8 
51. Rd1 Qc7 52. Kf2 Qc5 53. Kg1 Kh7 54. Ra1 Qc8 55. Kg2 Bb5 56. Kg1 Qc5 
57. Kg2 Qc8 58. Ra5 Rd3 59. Qe1 Rc3 60. Qd2 Rd3 61. Qe1 Rc3 62. Qd2 1/2-1/2

[Event "Saturday Night engine Tour 9 Rd Swiss 7m+1s Starts at 2200hrs ST"]
[Site "Infinity Chess"]
[Date "2018.1.21"]
[Round "9"]
[White "Victorious"]
[Black "RonWeasley"]
[Result "1/2-1/2"]
[ECO "C02"]
[WhiteElo "2520"]
[BlackElo "2531"]
[WhiteEngine "BugChess2.41_Release"]
[BlackEngine "BrainFish 130117_CTG"]
[EventType "Swiss"]
[WhiteTeam ""]
[BlackTeam ""]
[PlyCount "136"]
[TimeControl "420+1"]

1. e4 e6 2. d4 d5 3. e5 c5 4. c3 Nc6 5. Nf3 Qb6 6. a3 c4 7. Nbd2 Na5 8. g3 Bd7 
9. h4 O-O-O 10. Bh3 h6 11. O-O Ne7 12. Re1 Kb8 13. Rb1 Rc8 14. Nf1 Qd8 
15. Be3 Nec6 16. Kg2 Be7 17. N1d2 Qf8 18. Bg4 Nd8 19. Ng1 Qe8 20. Nh3 Ba4 
21. Qc1 Ndc6 22. Rh1 Bd8 23. Nf4 g6 24. Qf1 Ne7 25. Qe2 Nf5 26. Bxf5 gxf5 
27. Nh5 Qg8 28. Bf4 b6 29. Nf6 Qg7 30. Nh5 Qg6 31. Ra1 Nc6 32. Rag1 Kb7 
33. Rc1 Na5 34. Ra1 Bc2 35. Be3 Qg4 36. Nf4 Qg7 37. a4 Qf8 38. Kh2 Bb3 
39. Qf3 a6 40. Nxb3 Nxb3 41. Ra2 Ka7 42. Ne2 Bg5 43. Bf4 Qg8 44. Kg2 Qg7 
45. Qh5 Rcg8 46. Qf3 Kb7 47. Kg1 Be7 48. Nc1 Nxc1 49. Bxc1 h5 50. Kg2 Qg4 
51. Qxg4 fxg4 52. Rf1 Kc6 53. Ra1 Rg6 54. Bd2 a5 55. f3 gxf3+ 56. Kh3 f2 
57. Rxf2 Rhg8 58. Rf3 b5 59. axb5+ Kxb5 60. Raf1 R8g7 61. Re3 Bd8 62. Ref3 a4 
63. Rb1 Be7 64. Rbf1 Bd8 65. Re3 Bc7 66. Kh2 Bd8 67. Kh3 Be7 68. Ref3 Bd8 
1/2-1/2

[Event "Saturday Night engine Tour 9 Rd Swiss 7m+1s Starts at 2200hrs ST"]
[Site "Infinity Chess"]
[Date "2018.1.21"]
[Round "8"]
[White "Thinker"]
[Black "tris77"]
[Result "1-0"]
[ECO "B90"]
[WhiteElo "2505"]
[BlackElo "2422"]
[WhiteEngine "BrainFish_180113_x64_modern_CTG"]
[BlackEngine "stockfish_17091709_x64_CTG"]
[EventType "Swiss"]
[WhiteTeam ""]
[BlackTeam ""]
[PlyCount "127"]
[TimeControl "420+1"]

1. e4 c5 2. Nf3 d6 3. d4 cxd4 4. Nxd4 Nf6 5. Nc3 a6 6. Be3 e5 7. Nb3 Be6 
8. h3 Be7 9. f4 exf4 10. Bxf4 Nbd7 11. Bxd6 O-O 12. Qd4 Bxd6 13. Qxd6 Rc8 
14. O-O-O Bxb3 15. axb3 Re8 16. Bd3 Rc6 17. Qd4 Qb8 18. Bc4 Nb6 19. Bd5 Qf4+ 
20. Rd2 Nbxd5 21. exd5 Qxd4 22. Rxd4 Rd6 23. Rhd1 Re5 24. Na4 Rdxd5 
25. Rxd5 Rxd5 26. Nc5 h5 27. Nxb7 Rb5 28. Nd6 Rg5 29. Rd2 Nd5 30. h4 Re5 
31. c3 Kf8 32. b4 Ke7 33. Nc4 Re1+ 34. Kc2 Ne3+ 35. Nxe3 Rxe3 36. Kb3 g5 
37. hxg5 h4 38. Ka4 Re1 39. Ka5 Ra1+ 40. Kb6 Ra4 41. Kc5 Ke6 42. c4 Ke7 
43. b5 axb5 44. Kxb5 Ra8 45. c5 Rg8 46. c6 Rxg5+ 47. Kb6 Rg6 48. Kb7 Rg4 
49. c7 Rb4+ 50. Kc6 Rc4+ 51. Kb6 Kf6 52. Rd6+ Kg7 53. Rc6 Rb4+ 54. Kc5 Ra4 
55. c8=Q Ra5+ 56. Kd4 Ra4+ 57. Kd3 Rb4 58. Qd8 Rb3+ 59. Kc4 Rb8 60. Qxb8 h3 
61. Qe5+ f6 62. Qxf6+ Kg8 63. Qe7 h2 64. Rc8# 1-0

[Event "Saturday Night engine Tour 9 Rd Swiss 7m+1s Starts at 2200hrs ST"]
[Site "Infinity Chess"]
[Date "2018.1.21"]
[Round "8"]
[White "Dovahkiin"]
[Black "Eman"]
[Result "1/2-1/2"]
[ECO ""]
[WhiteElo "2436"]
[BlackElo "2513"]
[WhiteEngine "BrainFish_180113_x64_modern_CTG"]
[BlackEngine "Eman 1.64c 64-bit POPCNT"]
[EventType "Swiss"]
[WhiteTeam ""]
[BlackTeam ""]
[PlyCount "127"]
[TimeControl "420+1"]

1. e3 d5 2. d3 e5 3. d4 Nd7 4. dxe5 Nxe5 5. Nd2 c6 6. Ngf3 Nxf3+ 7. Nxf3 Nf6 
8. c4 Ne4 9. a3 Be6 10. Qc2 Qa5+ 11. Nd2 Bb4 12. cxd5 Bxd2+ 13. Bxd2 Qxd5 
14. Bb4 a5 15. Bd3 Nxf2 16. Kxf2 axb4 17. axb4 Ke7 18. Qc3 Rhd8 19. Rxa8 Rxa8 
20. b5 c5 21. Be2 Ra2 22. Rd1 Qf5+ 23. Bf3 f6 24. Kg1 Qe5 25. Qd3 h6 26. Qg6 f5 
27. Kh1 c4 28. h3 Ra5 29. Bh5 Ra8 30. Bf3 Qxb2 31. Rd4 Rg8 32. Qg3 Qc1+ 
33. Rd1 Qxe3 34. Re1 f4 35. Rxe3 fxg3 36. Bg4 Kd6 37. Rxe6+ Kc5 38. Kg1 c3 
39. Re7 Kb4 40. Kf1 Rd8 41. Rc7 Kb3 42. Ke2 Rd2+ 43. Ke3 Rxg2 44. Bf3 Rg1 
45. Bxb7 c2 46. Bd5+ Kb2 47. b6 c1=Q+ 48. Rxc1 Rxc1 49. b7 Re1+ 50. Kf4 Re8 
51. Kxg3 Kc3 52. Bc6 Rd8 53. Bd7 Rb8 54. Bc8 Kc4 55. Kf4 Kb5 56. Kf5 Kc6 
57. Kg6 Kc7 58. Kxg7 h5 59. Kg6 Kd6 60. h4 Ke5 61. Kxh5 Kf6 62. Kh6 Kf7 
63. Kh7 Kf6 64. h5 1/2-1/2

[Event "Saturday Night engine Tour 9 Rd Swiss 7m+1s Starts at 2200hrs ST"]
[Site "Infinity Chess"]
[Date "2018.1.21"]
[Round "8"]
[White "AHGST"]
[Black "Murx"]
[Result "1/2-1/2"]
[ECO "B90"]
[WhiteElo "2444"]
[BlackElo "2517"]
[WhiteEngine "EngineDeepShredder13UCIx64"]
[BlackEngine "BrainFish_180113_x64_modern"]
[EventType "Swiss"]
[WhiteTeam ""]
[BlackTeam ""]
[PlyCount "76"]
[TimeControl "420+1"]

1. e4 c5 2. Nf3 d6 3. d4 cxd4 4. Nxd4 Nf6 5. Nc3 a6 6. Be3 e5 7. Nb3 Be6 
8. h3 Be7 9. f4 Nc6 10. f5 Bxb3 11. axb3 Nb4 12. g3 Qc7 13. Bb5+ Kf8 14. Bc4 Rc8 
15. O-O b5 16. Nd5 Qb7 17. Nxf6 bxc4 18. Nd5 cxb3 19. Nxb4 Qxb4 20. Qd5 Qb5 
21. c3 f6 22. Ra3 Qxd5 23. exd5 Kf7 24. Rxa6 g6 25. fxg6+ Kxg6 26. Rfa1 h5 
27. Kf1 f5 28. h4 Rc4 29. Rc6 Rxc6 30. dxc6 Kf7 31. Ra7 Ke6 32. Bg5 Bxg5 
33. hxg5 Rc8 34. c7 Kf7 35. Ra6 Ke6 36. Ra7 Kf7 37. Ra6 Ke7 38. Ra7 Kf7 1/2-1/2

[Event "Saturday Night engine Tour 9 Rd Swiss 7m+1s Starts at 2200hrs ST"]
[Site "Infinity Chess"]
[Date "2018.1.21"]
[Round "8"]
[White "star99"]
[Black "CoffeeOne"]
[Result "1/2-1/2"]
[ECO "D31"]
[WhiteElo "2442"]
[BlackElo "2539"]
[WhiteEngine "Cryptic AIL V1"]
[BlackEngine "Houdini 6"]
[EventType "Swiss"]
[WhiteTeam ""]
[BlackTeam ""]
[PlyCount "79"]
[TimeControl "420+1"]

1. d4 d5 2. c4 e6 3. Nc3 c6 4. e4 dxe4 5. Nxe4 Bb4+ 6. Bd2 Qxd4 7. Bxb4 Qxe4+ 
8. Be2 Na6 9. Ba5 b6 10. Qd6 Bd7 11. Bc3 f6 12. O-O-O O-O-O 13. Qa3 Kb7 
14. Bf3 Qf4+ 15. Rd2 Qc7 16. Ne2 e5 17. Rhd1 Nh6 18. Ng3 Bg4 19. Bxg4 Nxg4 
20. Ne4 Rxd2 21. Rxd2 Rd8 22. c5 Rxd2 23. Bxd2 Nxc5 24. Nxc5+ bxc5 25. Qxc5 Nxh2 
26. Be3 Kc8 27. Qc4 Qd7 28. f3 Qd5 29. Qa6+ Kd8 30. Bxa7 e4 31. fxe4 Qxe4 
32. Bb6+ Ke8 33. Qc8+ Kf7 34. Qc7+ Kg6 35. Qxh2 Qc4+ 36. Kb1 Qd3+ 37. Kc1 Qc4+ 
38. Kb1 Qf1+ 39. Kc2 Qc4+ 40. Kb1 1/2-1/2

[Event "Saturday Night engine Tour 9 Rd Swiss 7m+1s Starts at 2200hrs ST"]
[Site "Infinity Chess"]
[Date "2018.1.21"]
[Round "8"]
[White "Deep_Impact"]
[Black "SkyPilot"]
[Result "1/2-1/2"]
[ECO "D35"]
[WhiteElo "2562"]
[BlackElo "2531"]
[WhiteEngine "BrainFish_180113_x64_modern"]
[BlackEngine "stockfish_x64_bmi2_2018_01_13_CTG"]
[EventType "Swiss"]
[WhiteTeam ""]
[BlackTeam ""]
[PlyCount "108"]
[TimeControl "420+1"]

1. d4 d5 2. c4 e6 3. Nc3 Nf6 4. cxd5 exd5 5. Bg5 Be7 6. e3 c6 7. Bd3 Nbd7 
8. Nf3 O-O 9. Qc2 h6 10. Bh4 Re8 11. O-O Ne4 12. Bxe4 Bxh4 13. Bh7+ Kh8 
14. Nxh4 Qxh4 15. Bd3 Qe7 16. Rab1 Nb6 17. Ne2 a5 18. a3 a4 19. Nf4 Nd7 
20. Rfe1 Nf6 21. Ne2 Ne4 22. f3 Nd6 23. Nc3 b5 24. e4 Qa7 25. Qf2 dxe4 
26. fxe4 Rd8 27. e5 Nb7 28. Be4 Na5 29. Rbd1 Be6 30. Ne2 Rac8 31. Ng3 Nb3 
32. Nf5 Bxf5 33. Qxf5 g6 34. Qf6+ Kg8 35. Kh1 Nxd4 36. h4 Re8 37. Bxg6 Re6 
38. Bxf7+ Qxf7 39. Qxf7+ Kxf7 40. Rxd4 Rce8 41. Rc1 Rg8 42. Rc5 Ke7 43. Kh2 Rf8 
44. Rc2 Rf5 45. Re4 h5 46. Re3 Rf4 47. Kh3 Rf1 48. g3 Rf5 49. Kg2 Kd7 
50. Rce2 c5 51. Rd3+ Kc6 52. Rde3 Kd7 53. Rd2+ Kc6 54. Rde2 Kd7 1/2-1/2

[Event "Saturday Night engine Tour 9 Rd Swiss 7m+1s Starts at 2200hrs ST"]
[Site "Infinity Chess"]
[Date "2018.1.21"]
[Round "8"]
[White "KhalidOmar"]
[Black "OlivierEvan"]
[Result "1/2-1/2"]
[ECO "D11"]
[WhiteElo "2529"]
[BlackElo "2433"]
[WhiteEngine "Eman 1.64c 64-bit BMI2"]
[BlackEngine "Houdini 6"]
[EventType "Swiss"]
[WhiteTeam ""]
[BlackTeam ""]
[PlyCount "120"]
[TimeControl "420+1"]

1. d4 d5 2. c4 c6 3. Nf3 Nf6 4. g3 e6 5. Bg2 dxc4 6. Ne5 c5 7. Qa4+ Nbd7 
8. Be3 Nd5 9. Bxd5 exd5 10. Nc3 Bd6 11. Nxd5 Bxe5 12. dxe5 O-O 13. Qxc4 Nb6 
14. Nxb6 axb6 15. Rd1 Qe8 16. Rd6 Be6 17. Qc3 Rxa2 18. Rxb6 Ra1+ 19. Bc1 Qa4 
20. O-O h5 21. Re1 Qa7 22. Rd6 c4 23. Rdd1 Qa8 24. Qf3 Bg4 25. Qe3 b5 26. f3 Be6 
27. Qg5 b4 28. Qxh5 Ra5 29. Rd4 f6 30. Rh4 Rxe5 31. Qh7+ Kf7 32. g4 c3 
33. f4 cxb2 34. Bxb2 Re4 35. Qh5+ Ke7 36. Qc5+ Ke8 37. Rh7 Qd5 38. Qxd5 Bxd5 
39. Rxg7 Rxf4 40. e3 Rc4 41. Rd1 Rg8 42. Rxg8+ Bxg8 43. h3 f5 44. g5 Ke7 
45. Rd2 Bf7 46. Rd4 Rxd4 47. Bxd4 Ke6 48. Kf2 Kd5 49. Kf3 Kc4 50. Bf6 Kd3 
51. Ba1 b3 52. Kf4 Bg6 53. Bd4 Kd2 54. Kg3 Ke2 55. h4 Kd3 56. Kf3 Kc2 57. Kg3 b2 
58. Bxb2 Kxb2 59. Kf4 Kc2 60. e4 fxe4 1/2-1/2

[Event "Saturday Night engine Tour 9 Rd Swiss 7m+1s Starts at 2200hrs ST"]
[Site "Infinity Chess"]
[Date "2018.1.21"]
[Round "8"]
[White "Cepri"]
[Black "BraveDevil"]
[Result "1/2-1/2"]
[ECO "A50"]
[WhiteElo "2487"]
[BlackElo "2440"]
[WhiteEngine "asmFishW_12J18Mb_CTG"]
[BlackEngine "Cryptic AIL V1"]
[EventType "Swiss"]
[WhiteTeam ""]
[BlackTeam ""]
[PlyCount "49"]
[TimeControl "420+1"]

1. d4 Nf6 2. c4 c6 3. Nf3 d5 4. g3 dxc4 5. Bg2 g6 6. a4 Ne4 7. O-O Bg7 
8. Qc2 Nd6 9. e4 Na6 10. Na3 Nb4 11. Qc3 a5 12. e5 Nf5 13. Nxc4 h5 14. b3 Be6 
15. Ba3 Nd5 16. Qd3 Bh6 17. Rfe1 O-O 18. Rad1 b5 19. Ncd2 bxa4 20. bxa4 Nb4 
21. Qc3 Na2 22. Qc5 Nb4 23. Qc3 Na2 24. Qd3 Nb4 25. Qc3 1/2-1/2

[Event "Saturday Night engine Tour 9 Rd Swiss 7m+1s Starts at 2200hrs ST"]
[Site "Infinity Chess"]
[Date "2018.1.21"]
[Round "8"]
[White "klasman"]
[Black "Victorious"]
[Result "1/2-1/2"]
[ECO "D30"]
[WhiteElo "2460"]
[BlackElo "2522"]
[WhiteEngine "Raubfisch ME262_GTZ16b2_CTG"]
[BlackEngine "BugChess2.41_Release"]
[EventType "Swiss"]
[WhiteTeam ""]
[BlackTeam ""]
[PlyCount "122"]
[TimeControl "420+1"]

1. d4 d5 2. c4 e6 3. Nf3 Nf6 4. Nc3 c6 5. Bg5 h6 6. Bxf6 Qxf6 7. e3 g6 
8. Bd3 Nd7 9. Rc1 dxc4 10. Bxc4 Bg7 11. O-O O-O 12. e4 e5 13. d5 Rd8 14. Re1 h5 
15. h3 Bh6 16. Ra1 Nc5 17. Qe2 a5 18. a3 a4 19. Ba2 Bd7 20. Red1 Rac8 
21. Ne1 Kg7 22. Nd3 cxd5 23. Nxc5 Rxc5 24. Bxd5 Qb6 25. Qf3 Be8 26. Rd3 Rc7 
27. Qe2 Rd6 28. Rb1 Bg5 29. Rg3 Bh4 30. Rf3 Rf6 31. Rxf6 Bxf6 32. Ba2 Qc5 
33. Rd1 Rc8 34. Rd5 Qb6 35. Bc4 Be7 36. Bb5 Bxb5 37. Qxb5 Bc5 38. Qxb6 Bxb6 
39. Nd1 Bd4 40. Kf1 Rc2 41. Ra5 Kh6 42. Rxa4 Kg5 43. Rb4 b6 44. g3 h4 
45. f4+ Kh6 46. gxh4 Bc5 47. Ra4 exf4 48. Ra7 Kg7 49. e5 Kf8 50. Rd7 Ke8 
51. Rd3 Be7 52. Rd4 Rh2 53. Rxf4 Rxh3 54. Nc3 Bxa3 55. Kg2 Rd3 56. bxa3 Rxc3 
57. Rf6 Ke7 58. Rxb6 Rxa3 59. h5 gxh5 60. Rh6 h4 61. Rxh4 Ra2+ 1/2-1/2

[Event "Saturday Night engine Tour 9 Rd Swiss 7m+1s Starts at 2200hrs ST"]
[Site "Infinity Chess"]
[Date "2018.1.21"]
[Round "8"]
[White "RonWeasley"]
[Black "MarioDeMonti"]
[Result "1-0"]
[ECO "C55"]
[WhiteElo "2516"]
[BlackElo "2495"]
[WhiteEngine "BrainFish 130117_CTG"]
[BlackEngine "stockfish_x64_bmi2_2018_01_13_CTG"]
[EventType "Swiss"]
[WhiteTeam ""]
[BlackTeam ""]
[PlyCount "175"]
[TimeControl "420+1"]

1. e4 e5 2. Nf3 Nc6 3. Bc4 Nf6 4. d3 Bc5 5. c3 d6 6. Bb3 a6 7. Nbd2 O-O 
8. O-O Ba7 9. Re1 b5 10. Nf1 Na5 11. Bc2 c5 12. Bg5 h6 13. Bh4 Kh7 14. Ne3 g5 
15. Bg3 Nh5 16. Nd2 Nf4 17. Nf5 Rg8 18. Nf1 Nc6 19. a4 b4 20. Bb3 Be6 
21. N1e3 Bb6 22. Bd5 Bxd5 23. Nxd5 Nxd5 24. exd5 Ne7 25. Nxe7 Qxe7 26. d4 cxd4 
27. cxd4 f6 28. a5 Ba7 29. Rc1 Rgc8 30. dxe5 dxe5 31. Qd3+ Kg7 32. h4 Rxc1 
33. Rxc1 Rd8 34. h5 Qf7 35. d6 Bb8 36. Rc6 Qxh5 37. Rxa6 Rc8 38. Qd2 Qf7 
39. Rb6 Ba7 40. Rb5 Rd8 41. Qxb4 Rd7 42. a6 h5 43. Kh2 h4 44. Bxh4 gxh4 
45. Qg4+ Kf8 46. Qf5 e4 47. Kh1 Rxd6 48. Rb7 Rxa6 49. Rxf7+ Kxf7 50. Kh2 Ra1 
51. Qh7+ Ke6 52. Qxe4+ Kd7 53. Qg4+ Ke7 54. Qb4+ Kd7 55. Qg4+ Ke7 56. Qxh4 Bc5 
57. Qh7+ Kf8 58. Qh8+ Ke7 59. Qg7+ Ke6 60. Qg4+ Ke7 61. b4 Bd6+ 62. g3 Re1 
63. b5 f5 64. Qxf5 Re5 65. Qh7+ Ke6 66. Qg8+ Kd7 67. Qg4+ Kc7 68. Qc4+ Bc5 
69. f4 Rh5+ 70. Kg2 Kb6 71. Qe6+ Ka5 72. g4 Rh7 73. Qa2+ Kb6 74. Qa6+ Kc7 
75. Qc6+ Kd8 76. Qxc5 Rd7 77. b6 Rd2+ 78. Qf2 Rd1 79. b7 Kd7 80. g5 Rb1 
81. Qd4+ Ke6 82. Qe5+ Kd7 83. b8=Q Rg1+ 84. Kh3 Rh1+ 85. Kg4 Rg1+ 86. Kf5 Rxg5+ 
87. fxg5 Kc6 88. Qbb5# 1-0